 Dungeon Crawl Stone Soup version 0.20.1-1-g8b1a95d66d (console) character file.

83 KoningWillie the Skirmisher (level 4, 0/41 HPs)
             Began as a Minotaur Fighter on Nov 24, 2017.
             Succumbed to a scorpion's poison
             ... on level 4 of the Dungeon on Dec 3, 2017.
             The game lasted 00:07:20 (1660 turns).

KoningWillie the Skirmisher (Minotaur Fighter)      Turns: 1660, Time: 00:07:20

Health: 0/41       AC:  7    Str: 22    XL:     4   Next: 22%
Magic:  3/3        EV:  7    Int:  5    God:
Gold:   71         SH:  9    Dex:  9    Spells: 3/3 levels left

rFire    . . .     SeeInvis .   a - +0 long sword
rCold    . . .     Gourm    .   c - +0 shield
rNeg     . . .     Faith    .   b - +0 scale mail
rPois    .         Spirit   .   (helmet restricted)
rElec    .         Reflect  .   (no cloak)
rCorr    .         Harm     .   (no gloves)
MR       .....                  (no boots)
Stlth    ..........             (no amulet)
Regen    0.2/turn               (no ring)
MPRegen  0.1/turn               (no ring)

@: lethally poisoned (0 -> -10)
A: retaliatory headbutt, horns 2
a: no special abilities


You were on level 4 of the Dungeon.
You were not hungry.

You visited 1 branch of the dungeon, and saw 4 of its levels.

You collected 71 gold pieces.

Inventory:

Hand Weapons
 a - a +0 long sword (weapon)
Armour
 b - a +0 scale mail (worn)
 c - a +0 shield (worn)
Scrolls
 f - a scroll of remove curse {unknown}
 h - a scroll of immolation
 n - a scroll of amnesia {unknown}
 o - a scroll of identify
Potions
 d - a potion of might
 e - 2 potions of flight
 j - a potion of degeneration {unknown}
 l - 2 potions of mutation {unknown}
 m - a potion of heal wounds {unknown}
Comestibles
 g - 2 meat rations
 i - a royal jelly
 k - a bread ration


   Skills:
 * Level 4.5 Fighting
 + Level 3.6 Long Blades
 + Level 4.1 Armour
 + Level 0.2 Dodging
 + Level 0.1 Stealth
 + Level 4.2 Shields


You had 3 spell levels left.
You didn't know any spells.

Dungeon Overview and Level Annotations

Branches:
Dungeon (4/15)
 Temple: D:4-7

Altars:
Kikubaaqudgha

Annotations:
D:3 Peloso's ghost, amateur HaFi


Innate Abilities, Weirdness & Mutations

You reflexively headbutt those who attack you in melee.
You have a pair of horns on your head.


Message History

The phantom hits you!
You miss the phantom.
The phantom is lightly damaged.
You feel sick. The scorpion stings you. You block the phantom's attack.
The scorpion stings you.
* * * LOW HITPOINT WARNING * * *
The phantom hits you but does no damage.
You slash the phantom!
The phantom is moderately damaged.
* * * LOW HITPOINT WARNING * * *
You feel sick.
The scorpion stings you but does no damage.
The phantom closely misses you.
Your shield and scale mail prevent you from hitting the phantom.
You headbutt the phantom.
The phantom is moderately damaged.
* * * LOW HITPOINT WARNING * * *
You feel sick. The scorpion stings you.
* * * LOW HITPOINT WARNING * * *
The phantom blinks!
You die...

#.####.# #.# #.# #.#
##.## # #.###.#.##
.# ##.##.###.####.#
### #...(#...#.....#
..###..##.....##.###
.......##....(##.#
..####.##.....##.#
.#####.###...###.#
.......# ##.## #@#
..###### #.# #.# ..#
#.# #s....# ..#
W.......$ ..######
#..###.### .......#
#..# # #####..# #..#
#.<# #..# #..# #..#
#..# #..#


You could see a phantom and a scorpion.

Vanquished Creatures
  An adder (D:2)
  An ooze (D:1)
  A worm (D:3)
  3 dart slugs
  2 leopard geckos (D:1)
  4 orcs (D:3)
  4 giant cockroaches
  7 goblins
  4 hobgoblins
  3 jackals (D:2)
  2 quokkas (D:2)
  4 bats
  3 frilled lizards (D:1)
  5 kobolds
  9 rats
53 creatures vanquished.

Notes
Turn   | Place    | Note
-------+----------+-------------------------------------------
     0 | D:1      | KoningWillie the Minotaur Fighter began the quest for the Orb.
     0 | D:1      | Reached XP level 1. HP: 19/19 MP: 0/0
   146 | D:1      | Reached XP level 2. HP: 27/27 MP: 1/1
   609 | D:1      | Reached XP level 3. HP: 33/33 MP: 2/2
  1271 | D:2      | Reached XP level 4. HP: 41/41 MP: 3/3
  1397 | D:3      | Noticed Peloso's ghost (amateur HaFi)
  1537 | D:3      | Found an ancient bone altar of Kikubaaqudgha.
  1646 | D:4      | Noticed a phantom
  1659 | D:4      | HP: 1/41 [scorpion (3)]
  1660 | D:4      | Succumbed to a scorpion's poison

Skill      XL: |  1  2  3 |
---------------+----------+-----
Armour         | 4 |  4.1
Fighting       | 4 |  4.5
Long Blades    | 3 |  3.6
Shields        | 4 |  4.2
Dodging        | |  0.2
Stealth        | |  0.1

Action                   |  1- 3 |  4- 6 || total
-------------------------+-------+-------++-------
Melee: Long sword        |    92 |    26 ||   118
       Headbutt          |     7 |     6 ||    13
  Use: Scroll            |     3 |     2 ||     5
       Potion            |     2 |       ||     2
  Eat: Bread ration      |     1 |       ||     1
Armor: Scale mail        |    35 |    17 ||    52
Dodge: Dodged            |    30 |     7 ||    37
Block: Shield            |    56 |    27 ||    83
       Rpst.: Long sword |    12 |     2 ||    14
